 Dungeon Crawl Stone Soup version 0.29.1-15-g9cfb28693d (webtiles) character file.

Game seed: 3331884239675337758

341 Eitelfritz the Firebug (level 6, -6/43 HPs)
             Began as a Demonspawn Fire Elementalist on Mar 9, 2023.
             Killed by divine providence
             ... invoked by an orc priest
              (12 damage)
             ... on level 3 of the Dungeon.
             The game lasted 00:15:20 (3405 turns).

Eitelfritz the Firebug (DsFE)                       Turns: 3405, Time: 00:15:20

Health: -6/43      AC:  7    Str: 11    XL:     6   Next: 30%
Magic:  0/11       EV: 12    Int: 16    God:
Gold:   93         SH:  4    Dex: 13    Spells: 5/11 levels left

rFire   + . .      SeeInvis .   a - +0 spear (venom)
rCold   . . .      Faith    .   (no shield)
rNeg    . . .      Spirit   .   x - +0 leather armour {rF+}
rPois   .          Reflect  .   w - +0 helmet
rElec   .          Harm     .   (no cloak)
rCorr   .          Rampage  .   (no gloves)
Will    .....                   g - +2 pair of boots
Stlth   ++........              (no amulet)
HPRegen 0.14/turn               (no ring)
MPRegen 0.12/turn               (no ring)

@: no status effects
A: condensation shield, demonic magic 1, demonic touch 1
a: no special abilities


You were on level 3 of the Dungeon.
You visited 1 branch of the dungeon, and saw 4 of its levels.

You collected 139 gold pieces.
You spent 46 gold pieces at shops.

Inventory:

Hand Weapons
 a - a +0 spear of venom (weapon)
 j - a +0 sling
 m - a +0 short sword
Missiles
 t - 5 datura-tipped darts
Armour
 g - a +2 pair of boots (worn)
 w - a +0 helmet (worn)
 x - a +0 leather armour of fire resistance (worn)
Magical Staves
 o - a staff of earth
Scrolls
 c - 2 scrolls of enchant armour
 e - a scroll of torment {unknown}
 f - a scroll of brand weapon {unknown}
 k - a scroll of identify
 r - a scroll of immolation
Potions
 b - a potion of magic
 d - a potion of haste {unknown}
 h - 2 potions of cancellation
 i - a potion of mutation {unknown}
 l - 4 potions of attraction
 q - 3 potions of flight
 s - 2 potions of lignification {unknown}
 u - 2 potions of brilliance


   Skills:
 + Level 1.1 Fighting
 + Level 0.3 Short Blades
 + Level 0.8 Polearms
 + Level 2.4 Dodging
 + Level 3.3 Stealth
 + Level 3.4 Spellcasting
 + Level 2.2 Conjurations
 + Level 3.9 Fire Magic


You had 5 spell levels left.
You knew the following spells:

 Your Spells              Type           Power      Damage    Failure   Level
a - Foxfire               Conj/Fire      48%        2x1d6     7%          1
b - Scorch                Fire           30%        2d6       7%          2
c - Conjure Flame         Conj/Fire      12%        6-21      21%         3

Your spell library contained the following spells:

 Spells                   Type           Power      Damage    Failure   Level
 Beastly Appendage        Tmut           4%         N/A       24%         1
 Inner Flame              Hex/Fire       8%         N/A       32%         3
 Ensorcelled Hibernation  Hex/Ice        4%         N/A       34%         2
 Passwall                 Tmut/Erth      1%         N/A       34%         2
 Wereblood                Tmut           2%         N/A       34%         2
 Flame Wave               Conj/Fire      12%        2d6       54%         4
 Spider Form              Tmut/Pois      2%         N/A       56%         3
 Swiftness                Air            2%         N/A       56%         3


Dungeon Overview and Level Annotations

Branches:
Dungeon (4/15)
 Temple: D:4-7

Altars:

Shops:
D:3 *((=


Innate Abilities, Weirdness & Mutations

A meltable shield of frost defends you. (SH +4)
Spells you cast may paralyse adjacent enemies.
Your touch may inflict minor irresistible damage on your foes.


Message History

The orc priest is moderately wounded.
The orc priest's fire resistance burns away.
Malevolent energies surge around you. You block the orc priest's attack.
Unknown command.
Casting: Scorch (safe; 7% risk of failure)
Confirm with . or Enter, or press ? or * to list all spells.
Flames lash the orc priest but do no damage.
Malevolent energies surge around you. The orc priest closely misses you.
Unknown command.
You climb upwards.
There is a stone staircase leading down here.
Casting: Scorch (safe; 7% risk of failure)
Confirm with . or Enter, or press ? or * to list all spells.
Flames lash the orc priest but do no damage.
Malevolent energies surge around you.
The orc priest is no longer more vulnerable to fire.
The orc priest barely misses you.
Unknown command.
Casting: Scorch (safe; 7% risk of failure)
Confirm with . or Enter, or press ? or * to list all spells.
You conjure some foxfire!
Malevolent energies surge around you.
The orc priest mumbles some strange prayers to Beogh against you.
Beogh smites you!
* * * LOW HITPOINT WARNING * * *
Unknown command.
You hit the orc priest.
The orc priest is poisoned.
The orc priest is moderately wounded.
The foxfire hits the orc priest but does no damage.
The orc priest is severely wounded.
The foxfire hits the orc priest but does no damage.
The orc priest is severely wounded.
The orc priest hits you but does no damage.
Okay, then.
Unknown command.
Casting: Foxfire (safe; 7% risk of failure)
Confirm with . or Enter, or press ? or * to list all spells.
You conjure some foxfire!
Malevolent energies surge around you.
The orc priest calls down the wrath of Beogh upon you.
Beogh smites you!
You die...

.))#...###.#
..#..### #.## ..#.##
#..## ....### ##..#
......# ##.# ......#
#.#
......######.######
#####..........vo[##
##.........v@..##
#..........).ยง..#
#...............#
#...............#
#...............#
#...............#
#...............#
##..<..........##
##.....#.....##


You could see an orc priest (very poisoned, ally target).

Vanquished Creatures
  Grinder (D:3)
  4 gnolls (D:3)
  2 adders (D:2)
  A dart slug (D:3)
  9 orcs
  7 ball pythons
  11 endoplasms
  2 giant cockroaches
  4 hobgoblins
  7 jackals
  2 quokkas (D:1)
  9 bats
  3 frilled lizards
  6 goblins
  6 kobolds
  6 rats
80 creatures vanquished.

Vanquished Creatures (others)
  122 foxfires
  A plant (D:1)
123 creatures vanquished.

Grand Total: 203 creatures vanquished

Notes
Turn   | Place    | Note
-------+----------+-------------------------------------------
     0 | D:1      | Eitelfritz the Demonspawn Fire Elementalist began the quest
                  | for the Orb.
     0 | D:1      | Reached XP level 1. HP: 13/13 MP: 3/3
   127 | D:1      | Gained mutation: Your touch may inflict minor irresistible
                  | damage on your foes. [demonic ancestry]
   127 | D:1      | Reached XP level 2. HP: 19/19 MP: 0/5
   320 | D:1      | Learned a level 2 spell: Scorch
  1315 | D:1      | Gained mutation: Spells you cast may paralyse adjacent
                  | enemies. [demonic ancestry]
  1315 | D:1      | Reached XP level 3. HP: 24/24 MP: 6/6
  1525 | D:2      | Learned a level 3 spell: Conjure Flame
  2026 | D:2      | Reached XP level 4. HP: 30/31 MP: 3/7
  2202 | D:2      | Found a faded altar of an unknown god.
  2305 | D:3      | Found Miteurph's Jewellery Shoppe.
  2481 | D:3      | Found Seorafua's Antique Weapon Shop.
  2536 | D:3      | Noticed Grinder
  2560 | D:3      | Found Palafeziw's Antique Weapon Shop.
  2572 | D:3      | Reached skill level 1 in Fighting
  2705 | D:3      | Killed Grinder
  2706 | D:3      | Gained mutation: A meltable shield of frost defends you.
                  | (SH +4) [demonic ancestry]
  2706 | D:3      | Reached XP level 5. HP: 37/37 MP: 1/10
  2706 | D:3      | Reached XP level 6. HP: 43/43 MP: 1/11
  3068 | D:3      | Found Gouzxeo's Assorted Antiques.
  3173 | D:3      | Bought a scroll labelled LAISEPT NOMN for 23 gold pieces
  3173 | D:3      | Bought a scroll labelled HAEDUNO POROCS for 23 gold pieces
  3405 | D:3      | Killed from afar by an orc priest

Illustrated notes

Levels and vault maps discovered:
D:1:      wander_arrival_desolate, layout_basic, serial_bayou_ford_a
D:2:      layout_basic, ebering_ecumenical_altar_mist
D:3:      layout_rooms, serial_shops, shop, nicolae_lakefront_shop,
          shop_fountains, shop, uniq_grinder
D:4:      layout_basic, kennysheep_generic_room_8

Skill      XL: |  1  2  3  4 |
---------------+-------------+-----
Stealth        | 2 3 |  3.3
Fire Magic     | 3 |  3.9
Dodging        | 2 |  2.4
Fighting       | 1 |  1.1
Spellcasting   | 3 |  3.4
Conjurations   | 2 |  2.2
Short Blades   | |  0.3
Polearms       | |  0.8

Action                   |  1- 3 |  4- 6 || total
-------------------------+-------+-------++-------
Melee: Unarmed           |     1 |       ||     1
       Short sword       |    10 |       ||    10
       Spear             |    27 |    28 ||    55
       Touch             |     3 |     1 ||     4
       Punch             |     1 |       ||     1
 Cast: Foxfire           |    26 |    46 ||    72
       Scorch            |    12 |     9 ||    21
  Use: Scroll            |       |    11 ||    11
 Stab: Sleeping          |     4 |     4 ||     8
       Paralysed         |       |     5 ||     5
Armor: Robe              |    20 |     4 ||    24
       Leather armour    |       |     9 ||     9
Dodge: Dodged            |    53 |    21 ||    74
Block: Other             |       |     2 ||     2
